 Dungeon Crawl Stone Soup version 0.31.0-32-g396128a36d (webtiles) character file.

Game seed: 7289616225932402644

46548 Almanac the Fighter (level 14, 10/126 (129) HPs)
             Began as a Minotaur Fighter on Mar 26, 2024.
             Was the Champion of Zin.
             Quit the game on level 13 of the Dungeon on Mar 27, 2024.
             The game lasted 01:15:17 (19231 turns).

Almanac the Fighter (Minotaur Fighter)             Turns: 19231, Time: 01:15:18

HP:   10/126 (129)  AC: 26    Str: 31    XL:     14   Next: 5%
MP:   18/20         EV: 11    Int:  8    God:    Zin [******]
Gold: 1080          SH: 15    Dex: 17    Spells: 13/13 levels left

rFire   . . .        f - +4 flail (protect)
rCold   . . .        w - +2 kite shield
rNeg    + . .        v - +5 chain mail {rN+}
rPois   ∞            (helmet restricted)
rElec   .            m - +0 cloak
rCorr   .            E - +0 pair of gloves
SInv    .            z - +0 pair of boots
Will    +....        (no amulet) Stlth
                     M - +4 ring of protection
HPRegen 0.41/turn    G - +6 ring of strength
MPRegen 0.17/turn

%: no passive effects
@: vitalised, lightly drained
A: horns 2, retaliatory headbutt
a: Renounce Religion, Recite, Vitalisation, Imprison, Sanctuary, Donate Gold


You were on level 13 of the Dungeon.
You worshipped Zin.
Zin was exalted by your worship.
You visited 3 branches of the dungeon, and saw 18 of its levels.
You also visited: Gauntlet.

You collected 1524 gold pieces.
You donated 444 gold pieces to Zin.

Inventory:

Hand Weapons
 f - a +4 flail of protection (weapon)
Armour
 m - a +0 cloak (worn)
 v - a +5 chain mail of positive energy (worn)
 w - a +2 kite shield (worn)
 z - a +0 pair of boots (worn)
 E - a +0 pair of gloves (worn)
Jewellery
 p - a ring of protection from cold
 D - a ring of flight
 G - a +6 ring of strength (right hand)
 H - a ring of willpower
 J - an amulet of magic regeneration
 L - a +6 ring of intelligence
 M - a +4 ring of protection (left hand)
 O - a ring of protection from fire
 T - a +6 ring of strength
Wands
 a - a wand of mindburst (16)
 g - a wand of quicksilver (5)
 y - a wand of iceblast (8)
 B - a wand of charming (11)
Scrolls
 c - a scroll of torment {unknown}
 e - 9 scrolls of teleportation
 h - 2 scrolls of identify
 l - 2 scrolls of fear
 q - 3 scrolls of noise
 s - 3 scrolls of amnesia
 t - a scroll of fog
 C - 2 scrolls of revelation
 F - a scroll of silence
 N - a scroll of immolation
 P - a scroll of blinking
 R - a scroll of poison
Potions
 b - 3 potions of resistance
 d - 2 potions of might
 i - 2 potions of haste
 j - 5 potions of curing
 k - 7 potions of brilliance
 o - 2 potions of berserk rage {unknown}
 r - 2 potions of lignification
 u - 3 potions of magic
 x - 2 potions of attraction {unknown}
 A - 2 potions of ambrosia
 I - 2 potions of enlightenment {unknown}
 Q - a potion of degeneration {unknown}
Miscellaneous
 U - a sack of spiders


   Skills:
 + Level 13.0 Fighting
 + Level 12.7 Maces & Flails
 - Level 5.0 Throwing
 + Level 13.0 Armour
 - Level 4.0 Dodging
 + Level 13.0 Shields
 + Level 9.6 Invocations
 + Level 6.6 Evocations


You had 13 spell levels left.
You didn't know any spells.
Your spell library contained the following spells:

 Spells                   Type           Power      Damage    Failure   Level
 Apportation              Tloc           0%         N/A       87%         1
 Necrotise                Necr           0%         1d4       87%         1
 Shock                    Conj/Air       0%         1d3       87%         1
 Slow                     Hex            0%         N/A       87%         1
 Sting                    Conj/Alch      0%         1d3       87%         1
 Summon Small Mammal      Summ           0%         N/A       87%         1
 Jinxbite                 Hex            0%         N/A       95%         2
 Mercury Vapours          Alch/Air       0%         N/A       95%         2
 Confusing Touch          Hex            0%         N/A       99%         3
 Frozen Ramparts          Ice            0%         1d1       99%         3
 Inner Flame              Hex/Fire       0%         N/A       99%         3
 Mephitic Cloud           Conj/Alch/Air  0%         N/A       99%         3
 Sigil of Binding         Hex            0%         N/A       99%         3
 Vampiric Draining        Necr           0%         2d6       99%         3
 Volatile Blastmotes      Fire/Tloc      0%         2d10      99%         3
 Flame Wave               Conj/Fire      0%         2d4       100%        4
 Fulminant Prism          Conj/Alch      0%         3d5       100%        4
 Iskenderun's Mystic Bla  Conj/Tloc      0%         2d3       100%        4
 Leda's Liquefaction      Alch/Erth      0%         N/A       100%        4
 Passage of Golubria      Tloc           0%         N/A       100%        4
 Petrify                  Alch/Erth      0%         N/A       100%        4
 Sticky Flame             Fire/Alch      0%         2d4       100%        4
 Freezing Cloud           Conj/Ice/Air   0%         6-21      100%        5
 Metabolic Englaciation   Hex/Ice        0%         N/A       100%        5
 Silence                  Hex/Air        0%         N/A       100%        5
 Yara's Violent Unravell  Hex/Alch       0%         3d3       100%        5
 Starburst                Conj/Fire      0%         6d3       100%        6
 Enfeeble                 Hex            0%         N/A       100%        7
 Lehudib's Crystal Spear  Conj/Erth      0%         10d2      100%        8
 Fire Storm               Conj/Fire      0%         5d1       100%        9


Dungeon Overview and Level Annotations

Branches:
Dungeon (11/15)            Temple (1/1) D:6            Lair (5/5) D:9
  Swamp (0/4) Lair:3       Spider (0/4) Lair:2        Slime (0/5) Lair:4
    Orc (0/2) D:10        Gauntlet (visited)

Altars:
Ashenzari
Cheibriados
Dithmenos
Elyvilon
Fedhas
Gozag
Hepliaklqana
Kikubaaqudgha
Makhleb
Nemelex Xobeh
Okawaru
Qazlal
Ru
Sif Muna
Trog
Uskayaw
Vehumet
Wu Jian
Xom
Yredelemnul
Zin
The Shining One
Jiyva

Shops:
D:4 *   D:8 !

Portals:
Abyss: D:6

Annotations:
D:5 2 transporters, TerraPolaris's ghost, novice MfSh
D:6 2 transporters, amanteater's ghost, amateur GrEE
Lair:1 3 runed translucent doors, jimmypageman's ghost, journeyman MiFi


Innate Abilities, Weirdness & Mutations

You have a pair of horns on your head.
You reflexively headbutt those who attack you in melee.


Message History

The liquid fire burns you!
The deep elf pyromancer gestures wildly while chanting.
The deep elf pyromancer blinks!
You hit the fire elemental but do no damage.
You headbutt the fire elemental, but do no damage.
The liquid fire burns you!
The deep elf pyromancer mumbles some strange words.
You block the fire elemental's attack.
You hit the fire elemental.
Your headbutt misses the fire elemental.
The fire elemental is lightly damaged.
The liquid fire burns you! You block the fire elemental's attack.
You thump the fire elemental!
Your headbutt misses the fire elemental.
The fire elemental is heavily damaged.
The liquid fire burns you! You block the fire elemental's attack.
You closely miss the fire elemental.
The fire elemental is heavily damaged.
The liquid fire burns you!
* * * LOW HITPOINT WARNING * * *
The fire elemental hits you.
You hit the fire elemental.
The fire elemental is heavily damaged.
The liquid fire burns you!
* * * LOW HITPOINT WARNING * * *
You block the fire elemental's attack.
You feel better. The liquid fire burns you!
* * * LOW HITPOINT WARNING * * *
You block the fire elemental's attack. Zin grants you divine stamina.
The liquid fire burns you!
* * * LOW HITPOINT WARNING * * *
The fire elemental hits you. The fire elemental burns you!
* * * LOW HITPOINT WARNING * * *
You shake off the liquid fire.
You block the fire elemental's attack.
Are you sure you want to abandon this character and quit the game? (Confirm with "yes".)

#.......#
#.......##
#...○e>..#...
#####.°°°....
##.#####...
#.##
#..#######
#E#
#[........
#E#
#.....##..
#@#
#.###..#..
#.## # ##.#..
##.### #.#..
####..#
##.#..
#....##
####.....
#....#
#.....#.#
#....#
+.###.#.#
###..## ##.#
#...)
##..####..#
###..


You could see 2 fire elementals.

Vanquished Creatures
  Rupert (D:13)
  An ice dragon (Lair:5)
  4 hydras
  A catoblepas (Lair:5)
  4 death yaks (Lair:5)
  2 two-headed ogres
  A hell hog (Lair:5)
  A skyshark (Lair:5)
  A lindwurm (Lair:5)
  3 elephants (Lair:1)
  A gargoyle (D:10)
  6 black mambas
  9 cane toads
  6 torpor snails (Lair:5)
  An unseen horror (D:10)
  13 komodo dragons
  A rime drake (Lair:3)
  5 tyrant leeches
  11 polar bears
  6 hornets (Lair:5)
  8 blink frogs
  A dream sheep (Lair:5)
  4 raiju (Lair:5)
  A jumping spider (Lair:2)
  2 shadows
  2 wraiths
  6 wyverns
  4 wargs (Lair:5)
  37 yaks
  A redback (Lair:2)
  2 steam dragons
  2 basilisks
  A swamp worm (Lair:3)
  2 acid dragons
  13 hell hounds (Lair:5)
  18 water moccasins
  An ice beast (D:5)
  5 orc warriors
  A sky beast (D:8)
  13 black bears
  2 ogres
  18 wolves
  2 laughing skulls (D:13)
  2 centaurs (D:9)
  A phantom (D:5)
  3 gnoll sergeants
  5 scorpions
  15 bullfrogs
  10 wights
  A killer bee (D:9)
  A howler monkey (D:8)
  3 hounds
  3 orc priests
  2 jellies (D:5)
  2 gnoll boudas
  3 iguanas
  2 sleepcaps
  8 orc wizards
  2 hell rats (Lair:1)
  20 gnolls
  9 adders
  9 river rats (Lair:1)
  A shadow imp (D:6)
  2 ufetubi (D:6)
  A dart slug (D:4)
  3 ribbon worms
  31 orcs
  4 endoplasms
  2 giant cockroaches
  16 goblins
  13 hobgoblins
  4 jackals (D:1)
  8 kobolds
  4 quokkas
  5 ball pythons
  4 bats
  5 frilled lizards
  4 rats
432 creatures vanquished.

Vanquished Creatures (others)
  An orc (D:10)
1 creature vanquished.

Grand Total: 433 creatures vanquished

Notes
Turn   | Place    | Note
-------+----------+-------------------------------------------
     0 | D:1      | Almanac the Minotaur Fighter began the quest for the Orb.
     0 | D:1      | Reached XP level 1. HP: 19/19 MP: 0/0
   134 | D:1      | Reached XP level 2. HP: 27/27 MP: 1/1
   232 | D:1      | Got the Omnibus of the Volley
   558 | D:1      | Reached skill level 1 in Dodging
   733 | D:2      | Reached XP level 3. HP: 31/33 MP: 2/2
   869 | D:2      | Found a faded altar of an unknown god.
   950 | D:2      | Reached skill level 1 in Throwing
   950 | D:2      | Reached XP level 4. HP: 21/40 MP: 3/3
  1880 | D:4      | Reached XP level 5. HP: 44/47 MP: 4/4
  1943 | D:4      | Reached XP level 6. HP: 53/53 MP: 5/5
  2177 | D:4      | Reached skill level 5 in Fighting
  2177 | D:4      | Reached skill level 5 in Shields
  2351 | D:4      | Reached skill level 5 in Armour
  2399 | D:4      | Found Moez's Assorted Antiques.
  2746 | D:5      | Entered Level 5 of the Dungeon
  2770 | D:5      | Reached XP level 7. HP: 61/61 MP: 6/6
  2890 | D:5      | Found a transporter.
  2891 | D:5      | Identified the +9 great mace "One Vywkucw" {freeze, Will+
                  | Int+3}
  2891 | D:5      | Noticed TerraPolaris's ghost (novice MfSh)
  2892 | D:5      | Found a transporter.
  3783 | D:6      | Found a transporter.
  3830 | D:6      | Reached skill level 5 in Maces & Flails
  3830 | D:6      | Reached XP level 8. HP: 70/70 MP: 7/7
  3853 | D:6      | Found a one-way gate to the infinite horrors of the Abyss.
  3853 | D:6      | Noticed a cyan ugly thing
  3863 | D:6      | Noticed amanteater's ghost (amateur GrEE)
  4181 | D:6      | Noticed a toenail golem
  4181 | D:6      | Noticed a thrashing horror
  4229 | D:6      | Found a white marble altar of Elyvilon.
  4277 | D:6      | Found a transporter.
  4376 | D:6      | Found a staircase to the Ecumenical Temple.
  4384 | Temple   | Entered the Ecumenical Temple
  4405 | Temple   | Became a worshipper of Zin the Law-Giver
  4405 | Temple   | Reached * piety under Zin
  4477 | D:6      | Reached skill level 1 in Invocations
  4982 | D:7      | Reached ** piety under Zin
  5568 | D:7      | Reached XP level 9. HP: 79/79 MP: 9/9
  6039 | D:8      | Found an iron altar of Okawaru.
  6068 | D:8      | Found a hide-covered altar of Uskayaw.
  6317 | D:8      | Reached *** piety under Zin
  6359 | D:8      | Found Bekhy's Distillery.
  6402 | D:8      | Noticed a two-headed ogre
  6411 | D:8      | Killed a two-headed ogre
  6967 | D:9      | Noticed a komodo dragon
  6983 | D:8      | Killed a komodo dragon
  7113 | D:9      | Noticed a komodo dragon
  7177 | D:9      | Killed a komodo dragon
  7178 | D:9      | Reached XP level 10. HP: 78/89 MP: 12/12
  7418 | D:9      | Reached skill level 5 in Invocations
  7602 | D:9      | Found a staircase to the Lair.
  7646 | D:9      | Noticed a two-headed ogre
  7655 | D:9      | Killed a two-headed ogre
  7687 | D:9      | Noticed a rust devil
  7687 | D:9      | Noticed a rust devil
  7835 | D:9      | Found a shimmering blue altar of Sif Muna.
  7850 | D:9      | Found a snail-covered altar of Cheibriados.
  7908 | D:9      | Found an ornate altar of the Wu Jian Council.
  8269 | D:10     | Entered Level 10 of the Dungeon
  8571 | Lair:1   | Entered Level 1 of the Lair of Beasts
  8775 | Lair:1   | Noticed a cane toad
  8792 | Lair:1   | Killed a cane toad
  9085 | Lair:1   | Found a gate leading to a gauntlet.
  9094 | Gauntlet | Entered a Gauntlet
  9094 | Gauntlet | Found a transporter.
  9094 | Gauntlet | Found a transporter.
  9098 | Gauntlet | Found a transporter.
  9098 | Gauntlet | Found a transporter.
  9102 | Gauntlet | Noticed a gargoyle
  9110 | Gauntlet | Noticed an entropy weaver
  9112 | Gauntlet | Noticed a hell beast
  9119 | Gauntlet | Noticed a wolf spider
  9123 | Gauntlet | Found a transporter.
  9127 | Gauntlet | Noticed a green ugly thing
  9131 | Gauntlet | Found a transporter.
  9131 | Gauntlet | Found a transporter.
  9132 | Gauntlet | Noticed a great orb of eyes
  9151 | Gauntlet | Found a transporter.
  9159 | Gauntlet | Found a transporter.
  9187 | Gauntlet | Noticed a gargoyle
  9249 | Lair:1   | Noticed a cane toad
  9263 | Lair:1   | Killed a cane toad
  9264 | Lair:1   | Reached XP level 11. HP: 96/99 MP: 14/14
  9374 | Lair:1   | Reached **** piety under Zin
  9414 | Lair:1   | Reached skill level 1 in Evocations
  9491 | Lair:1   | Reached skill level 10 in Fighting
  9496 | Lair:1   | Reached skill level 10 in Armour
  9496 | Lair:1   | Reached skill level 10 in Shields
  9878 | Lair:1   | Found a runed translucent gate.
  9878 | Lair:1   | Found a runed translucent gate.
  9878 | Lair:1   | Found a runed translucent gate.
  9881 | Lair:1   | Noticed jimmypageman's ghost (journeyman MiFi)
  9881 | Lair:1   | Noticed a nine-headed hydra
  9881 | Lair:1   | Noticed a 12-headed hydra
 10367 | Lair:2   | Noticed a six-headed hydra
 10375 | Lair:2   | Killed a six-headed hydra
 10383 | Lair:2   | Reached skill level 10 in Maces & Flails
 10709 | Lair:2   | Donated 292 gold pieces to Zin
 11076 | Lair:2   | Reached XP level 12. HP: 101/108 MP: 16/16
 11173 | Lair:2   | Found a hole to the Spider Nest.
 11574 | Lair:3   | Found a staircase to the Swamp.
 11994 | Lair:3   | Noticed a seven-headed hydra
 12004 | Lair:3   | Killed a seven-headed hydra
 12039 | Lair:3   | Reached ***** piety under Zin
 13343 | Lair:4   | Reached skill level 5 in Throwing
 13449 | Lair:4   | Noticed a five-headed hydra
 13456 | Lair:4   | Killed a five-headed hydra
 13676 | Lair:4   | Identified the +1 ring mail of Greed {+Inv Will- Dex+6}
 13729 | Lair:4   | Identified the +3 leather armour of Dogma {rC+}
 13810 | Lair:4   | Found a viscous altar of Jiyva.
 13810 | Lair:4   | Found a staircase to the Slime Pits.
 14078 | Lair:5   | Entered Level 5 of the Lair of Beasts
 14226 | Lair:5   | Noticed a catoblepas
 14235 | Lair:5   | Killed a catoblepas
 14727 | Lair:5   | Reached skill level 5 in Evocations
 14741 | Lair:5   | Reached XP level 13. HP: 23/117 MP: 18/18
 15054 | Lair:5   | Paralysed by a hornet for 1 turns
 15063 | Lair:5   | Paralysed by a hornet for 1 turns
 15235 | Lair:5   | HP: 3/117 [ice dragon/blast of cold (21)]
 15519 | Lair:5   | Reached ****** piety under Zin
 18164 | D:10     | Found a staircase to the Orcish Mines.
 18395 | D:10     | Found a hazy altar of Hepliaklqana.
 18426 | D:10     | Found a bloodstained altar of Trog.
 18475 | D:10     | Found a radiant altar of Vehumet.
 19009 | D:11     | You fall into a shaft and drop 2 floors!
 19013 | D:13     | Noticed Rupert
 19048 | D:13     | Killed Rupert
 19049 | D:13     | Reached XP level 14. HP: 110/129 MP: 20/20
 19231 | D:13     | Quit the game

Illustrated notes

Levels and vault maps discovered:
D:1:      reono_arrival_mine, layout_loops_cross, minmay_misc_feat_more_columns,
          hex_tiny, minmay_misc_feat_enclosed
D:2:      layout_basic, ebering_ecumenical_altar_hall
D:3:      layout_basic
D:4:      cheibrodos_greedy_goblins, layout_basic, serial_shops, shop_statue
D:5:      layout_basic, gammafunk_ghost_smash
D:6:      layout_cave_pods, mainiacjoe_overflow_24_doors,
          minmay_temple_entry_drinking_statues, gammafunk_ghost_abyssal_escape
D:7:      layout_gridville
D:8:      layout_basic, nicolae_uskayaw_murder_on_the_dancefloor,
          okawaru_gym_becter, serial_shops, nicolae_stop_n_shop_1
D:9:      cheibrodos_iron_armory, layout_basic, kennysheep_little_box,
          jmf_multi_god_temple2, due_lair_maze_entry_diamond
D:10:     layout_loops_corners, marbit_many_paths, trog_three_pillars_becter,
          overflow_temple_1_default, david_orc_4
D:11:     layout_basic, nicolae_zen_rock_garden,
          minmay_fractal_squares_gapless_7
D:13:     layout_basic, david_vaults_1, minmay_joined_circles, uniq_rupert
Temple:   nicolae_temple_ecumenical_triangle
Lair:1:   layout_gridlike, gauntlet_entry_generic, gammafunk_ghost_hydra_chop,
          kennysheep_rathole
Lair:2:   layout_gridlike, spider_nest_entry_funnel_web, beast_lair_carwin_5,
          grunt_megastairs_2
Lair:3:   layout_layer_cave, minmay_swamp_entry_worms, serial_bayou_shore_b
Lair:4:   layout_loops_ring, dpeg_slime_entry_enclosed
Lair:5:   hangedman_lair_caniforms_friends, layout_regular_city, wormcave,
          lemuel_fruit_tree

Skill      XL: |  1  2  3  4  5  6  7  8  9 10 11 12 13 |
---------------+----------------------------------------+-----
Dodging        | 1 2 3 4 |  4.0
Fighting       | 4 5 7 8 9 10 11 13 | 13.0
Shields        | 4 5 6 8 9 10 11 13 | 13.0
Armour         | 4 5 7 8 9 10 11 13 | 13.0
Maces & Flails | 3 4 5 6 7 9 10 11 12 | 12.7
Throwing       | 1 2 3 4 5 |  5.0
Invocations    | 2 4 6 7 8 9 |  9.6
Evocations     | 3 5 6 |  6.6

Action                     |  1- 3 |  4- 6 |  7- 9 | 10-12 | 13-15 || total
---------------------------+-------+-------+-------+-------+-------++-------
  Melee: Flail             |    70 |   120 |   250 |   782 |   600 ||  1822
         Headbutt          |     9 |    19 |    46 |   174 |   179 ||   427
  Throw: Javelin           |     3 |     8 |     8 |     7 |       ||    26
         Boomerang         |       |    19 |    34 |   106 |       ||   159
 Invoke: Recite            |       |       |     7 |     1 |     7 ||    15
         Donate Gold       |       |       |       |     1 |       ||     1
         Vitalisation      |       |       |       |     1 |     2 ||     3
  Evoke: Wand              |       |       |     8 |    12 |       ||    20
    Use: Scroll            |     2 |     5 |     5 |    13 |     5 ||    30
         Potion            |       |       |     1 |     4 |     5 ||    10
   Stab: Invisible         |       |       |     1 |       |     1 ||     2
         Paralysed         |       |       |       |       |     4 ||     4
         Confused          |       |       |       |       |     1 ||     1
 Armour: Scale mail        |    34 |       |       |       |       ||    34
         Chain mail        |     7 |    70 |   215 |   478 |   380 ||  1150
  Dodge: Dodged            |    38 |    34 |   110 |   184 |   193 ||   559
  Block: Buckler           |     7 |    32 |    22 |       |       ||    61
         Kite shield       |       |       |    70 |   444 |   437 ||   951
